Oilers vs Blues

Created - 9 novembre 2014 at 19:07

Goals
1 2 3 T
Oilers 1 0 3 4
Blues 0 2 0 2
Shots
1 2 3 T
Oilers 9 5 15 29
Blues 4 15 15 34

1st period

1. Oilers , Pavel Datsyuk 17 (Patrick Kaleta, Jonathan Toews) at 16:02

Penalties :
Paul Kariya (STL) for Interference (Minor) at 17:55

2nd period

2. Blues , Andrew Cogliano 4 (Dan Boyle, Sergei Shirokov) at 2:34
3. Blues , Taylor Pyatt 5 (Mikael Samuelsson, Brian Lee) at 10:06

Penalties :
Pavel Datsyuk (Edm) for Tripping (Minor) at 2:40, Brian Lee (STL) for High sticking (Minor) at 17:24

3rd period

4. Oilers , Ian White 1 (Scott Niedermayer) at 1:04
5. Oilers , Peter Regin 4 (Rob Scuderi, Eric Nystrom) at 3:31
6. Oilers , Ian White 2 (Olli Jokinen, Tyler Kennedy) at 12:53

Penalties :
Patrick Kaleta (Edm) for High sticking (Minor) at 7:29, Paul Kariya (STL) for Hooking (Minor) at 13:30, Duncan Keith (Edm) for Hooking (Minor) at 14:16, Marcel Hossa (STL) for Cross-checking (Minor) at 17:11

Goalie Stats

Cam Ward (Edm), 32 saves from 34 shots - (0,941), W, 10-6-2, 60:00 minutes
Cory Schneider (STL), 25 saves from 29 shots - (0,862), L, 2-1-0, 60:00 minutes

Players Stats for Oilers

Player Name              G  A  P  +/- PIM S  H  SB GA TA FO     MP     PP MP  PK MP  
------------------------------------------------------------------------------------
Christian Ehrhoff        0  0  0   0  0   0  2  1  0  0  0/0    20:16   4:05   0:14 
Duncan Keith             0  0  0   1  2   1  2  2  0  1  0/0    22:18   2:37   2:02 
Eric Nystrom             0  1  1   1  0   4  0  0  0  0  1/1    13:33   0:26   2:33 
Ian White                2  0  2   1  0   5  2  0  0  0  0/0    25:07   4:05   2:28 
Ilya Kovalchuk           0  0  0   1  0   1  0  1  3  0  0/1    20:07   2:50   0:17 
Jonathan Toews           0  1  1   1  0   1  0  1  1  0  14/28  20:58   2:50   1:03 
Olli Jokinen             0  1  1  -1  0   1  1  0  0  0  1/3     8:34   0:12   0:21 
Patrick Kaleta           0  1  1   1  2   1  1  0  1  0  1/2    15:29   3:02   0:00 
Patrick Kane             0  0  0   1  0   4  1  0  0  0  0/0    19:25   2:59   0:03 
Pavel Datsyuk            1  0  1   1  2   3  0  1  0  0  6/12   17:00   3:02   1:00 
Peter Regin              1  0  1   1  0   7  2  0  1  0  2/7    13:30   0:32   2:20 
Rob Scuderi              0  1  1   1  0   0  0  2  0  1  0/0    19:42   0:00   2:16 
Scott Niedermayer        0  1  1   1  0   0  0  0  2  1  0/0    21:47   2:38   2:28 
Steve Begin              0  0  0  -1  0   0  1  0  0  0  0/0    10:32   0:00   1:51 
Steve Staios             0  0  0   0  0   0  0  1  0  0  0/0    11:29   0:00   0:00 
Tomas Fleischmann        0  0  0   1  0   0  1  1  0  0  0/0    14:31   3:02   0:00 
Tyler Kennedy            0  1  1  -1  0   1  1  1  0  0  0/0     8:23   0:35   0:00 
Wayne Simmonds           0  0  0   1  0   0  1  0  0  0  0/1    11:19   0:39   0:00 

Players Stats for Blues

Player Name              G  A  P  +/- PIM S  H  SB GA TA FO     MP     PP MP  PK MP  
------------------------------------------------------------------------------------
Andrew Cogliano          1  0  1   0  0   4  0  2  0  0  5/7    16:04   0:05   1:48 
Brian Lee                0  1  1   1  2   3  1  2  1  1  0/0    18:55   1:52   2:40 
Bryce Lampman            0  0  0  -2  0   1  4  5  0  2  0/0    24:12   0:00   3:21 
Dan Boyle                0  1  1  -2  0   3  3  3  0  1  0/0    24:13   2:52   0:32 
David Perron             0  0  0   0  0   1  1  0  0  0  0/0    14:51   1:50   1:26 
Drew Fata                0  0  0  -1  0   0  0  1  0  0  0/0    16:32   0:00   3:01 
Kevin Porter             0  0  0   1  0   1  0  0  0  0  3/4     8:00   0:00   0:18 
Kevin Shattenkirk        0  0  0  -1  0   0  0  0  0  0  0/0    14:49   1:44   1:23 
Kristopher Letang        0  0  0   1  0   4  1  0  1  1  0/0    21:19   3:00   2:29 
Marcel Hossa             0  0  0   0  2   2  0  3  0  0  0/0    12:55   0:05   0:00 
Marian Hossa             0  0  0  -3  0   3  0  0  0  0  0/0    18:20   2:49   0:00 
Michael Frolik           0  0  0   0  0   2  3  2  1  0  0/1    14:27   1:50   1:25 
Mikael Samuelsson        0  1  1   1  0   3  1  0  0  0  0/0     8:02   0:05   0:00 
Nik Antropov             0  0  0   0  0   1  0  0  0  1  8/15   17:07   2:49   3:45 
Paul Kariya              0  0  0  -3  4   3  2  0  0  0  1/3    18:14   2:49   0:00 
Sergei Shirokov          0  1  1   0  0   0  3  0  0  0  0/0    15:49   0:00   3:16 
Taylor Pyatt             1  0  1   1  0   1  0  0  0  0  0/0     9:34   0:00   1:28 
Travis Zajac             0  0  0  -3  0   2  0  0  0  2  13/25  18:37   1:50   0:00 

3 Stars

1 - Ian White (Edm)
2 - Peter Regin (Edm)
3 - Taylor Pyatt (STL)

Power Play

Oilers - 0 on 4 Attempt(s) - 0,00%
Blues - 0 on 3 Attempt(s) - 0,00%

Penalty Kill

Oilers - 3 on 3 Attempt(s) - 100,00% - Score 0 goal in Penalty Kill
Blues - 4 on 4 Attempt(s) - 100,00% - Score 0 goal in Penalty Kill

Official

Referees : Jackson Dave and Leggo Mike
Linesman : Darren Gibbs and Dan Schachte

Game Notes

No Game Note

Finance

Level 1 -- Attendance: 5974 (99,57%) -- Ticket Income 501 816 $
Level 2 -- Attendance: 4876 (97,52%) -- Ticket Income 253 552 $
Level 3 -- Attendance: 1904 (95,20%) -- Ticket Income 57 120 $
Level 4 -- Attendance: 3725 (93,13%) -- Ticket Income 70 775 $
Luxury Box -- Attendance: 1000 (100,00%) -- Ticket Income 169 000 $
Game was played at the Scotttrade center
Total Attendance: 17479 (97,11%)
Total Ticket Income: 1 052 263 $
Other Income: 157 839 $
Total Income: 1 210 102 $

Oilers

5 vs 5 Forward 
   Center                   Left Wing                Right Wing               Time % Phy DF OF 
 1 Jonathan Toews           Ilya Kovalchuk           Patrick Kane             40     1   2  2  
 2 Pavel Datsyuk            Tomas Fleischmann        Patrick Kaleta           32     1   2  2  
 3 Peter Regin              Eric Nystrom             Wayne Simmonds           20     1   2  2  
 4 Olli Jokinen             Steve Begin              Tyler Kennedy            8      1   2  2  

5 vs 5 Defense 
   Defense                  Defense                                           Time % Phy DF OF 
 1 Ian White                Scott Niedermayer                                 34     1   2  2  
 2 Duncan Keith             Rob Scuderi                                       33     1   2  2  
 3 Christian Ehrhoff        Steve Staios                                      21     1   2  2  
 4 Ian White                Christian Ehrhoff                                 12     1   2  2  

PowerPlay Forward 
   Center                   Left Wing                Right Wing               Time % Phy DF OF 
 1 Jonathan Toews           Ilya Kovalchuk           Patrick Kane             60     0   1  4  
 2 Pavel Datsyuk            Tomas Fleischmann        Patrick Kaleta           40     1   1  3  

PowerPlay Defense
   Defense                  Defense                                           Time % Phy DF OF 
 1 Ian White                Christian Ehrhoff                                 60     0   2  3  
 2 Duncan Keith             Scott Niedermayer                                 40     0   2  3  

Penalty Kill 4 Players Forward 
   Center                   Wing                     Time % Phy DF OF 
 1 Pavel Datsyuk            Steve Begin              50     1   3  1  
 2 Peter Regin              Eric Nystrom             50     1   3  1  

Penalty Kill 4 Players Defense
   Defense                  Defense                  Time % Phy DF OF 
 1 Ian White                Scott Niedermayer        50     1   3  1  
 2 Duncan Keith             Rob Scuderi              50     1   3  1  

Penalty Kill - 3 Players Forward 
   Forward                                           Time % Phy DF OF 
 1 Pavel Datsyuk                                     50     1   4  0  
 2 Ilya Kovalchuk                                    50     1   4  0  

Penalty Kill - 3 Players Defense
   Defense                  Defense                  Time % Phy DF OF 
 1 Ian White                Scott Niedermayer        50     1   4  0  
 2 Duncan Keith             Rob Scuderi              50     1   4  0  

4 vs 4 Forward 
   Center                   Wing                     Time % Phy DF OF 
 1 Jonathan Toews           Ilya Kovalchuk           50     1   2  2  
 2 Pavel Datsyuk            Patrick Kane             50     1   2  2  

4 vs 4 Defense
   Defense                  Defense                  Time % Phy DF OF 
 1 Ian White                Scott Niedermayer        50     1   2  2  
 2 Duncan Keith             Rob Scuderi              50     1   2  2  

Last Minutes Offensive
   Center                   Left Wing                Right Wing               Defense                  Defense                  
   Pavel Datsyuk            Ilya Kovalchuk           Patrick Kane             Ian White                Duncan Keith             

Last Minutes Defensive
   Center                   Left Wing                Right Wing               Defense                  Defense                  
   Pavel Datsyuk            Ilya Kovalchuk           Patrick Kane             Ian White                Rob Scuderi              

Goaltenders
Starting : Cam Ward                 
Backup : Sebastien Caron          

Extra Forwards
Normal : Pavel Datsyuk, Patrick Kane, Steve Begin - PP : Peter Regin, Wayne Simmonds - PK : Jonathan Toews
Extra Defensemen
Normal : Duncan Keith, Christian Ehrhoff, Ian White - PP : Steve Staios - PK : Christian Ehrhoff, Steve Staios
Penalty Shots
Ilya Kovalchuk, Patrick Kane, Pavel Datsyuk, Jonathan Toews, Peter Regin

Blues

5 vs 5 Forward 
   Center                   Left Wing                Right Wing               Time % Phy DF OF 
 1 Travis Zajac             Paul Kariya              Marian Hossa             40     1   2  2  
 2 Nik Antropov             David Perron             Michael Frolik           30     1   2  2  
 3 Andrew Cogliano          Marcel Hossa             Sergei Shirokov          20     1   2  2  
 4 Kevin Porter             Taylor Pyatt             Mikael Samuelsson        10     1   2  2  

5 vs 5 Defense 
   Defense                  Defense                                           Time % Phy DF OF 
 1 Dan Boyle                Bryce Lampman                                     40     1   2  2  
 2 Kristopher Letang        Brian Lee                                         30     1   2  2  
 3 Drew Fata                Kevin Shattenkirk                                 20     1   2  2  
 4 Drew Fata                Kristopher Letang                                 10     1   2  2  

PowerPlay Forward 
   Center                   Left Wing                Right Wing               Time % Phy DF OF 
 1 Nik Antropov             Paul Kariya              Marian Hossa             60     1   2  2  
 2 Travis Zajac             David Perron             Michael Frolik           40     1   2  2  

PowerPlay Defense
   Defense                  Defense                                           Time % Phy DF OF 
 1 Dan Boyle                Kristopher Letang                                 60     1   2  2  
 2 Brian Lee                Kevin Shattenkirk                                 40     1   2  2  

Penalty Kill 4 Players Forward 
   Center                   Wing                     Time % Phy DF OF 
 1 Nik Antropov             Sergei Shirokov          60     1   2  2  
 2 Andrew Cogliano          Taylor Pyatt             40     1   2  2  

Penalty Kill 4 Players Defense
   Defense                  Defense                  Time % Phy DF OF 
 1 Bryce Lampman            Brian Lee                60     1   2  2  
 2 Drew Fata                Kristopher Letang        40     1   2  2  

Penalty Kill - 3 Players Forward 
   Forward                                           Time % Phy DF OF 
 1 Nik Antropov                                      60     1   2  2  
 2 Paul Kariya                                       40     1   2  2  

Penalty Kill - 3 Players Defense
   Defense                  Defense                  Time % Phy DF OF 
 1 Bryce Lampman            Kevin Shattenkirk        60     1   2  2  
 2 Kristopher Letang        Drew Fata                40     1   2  2  

4 vs 4 Forward 
   Center                   Wing                     Time % Phy DF OF 
 1 Travis Zajac             Paul Kariya              60     1   2  2  
 2 Nik Antropov             Marian Hossa             40     1   2  2  

4 vs 4 Defense
   Defense                  Defense                  Time % Phy DF OF 
 1 Dan Boyle                Bryce Lampman            60     1   2  2  
 2 Brian Lee                Kristopher Letang        40     1   2  2  

Last Minutes Offensive
   Center                   Left Wing                Right Wing               Defense                  Defense                  
   Nik Antropov             Paul Kariya              Marian Hossa             Dan Boyle                Kristopher Letang        

Last Minutes Defensive
   Center                   Left Wing                Right Wing               Defense                  Defense                  
   Nik Antropov             Paul Kariya              Marian Hossa             Drew Fata                Bryce Lampman            

Goaltenders
Starting : Cory Schneider           
Backup : Tuukka Rask              

Extra Forwards
Normal : Andrew Cogliano, David Perron, Taylor Pyatt - PP : Andrew Cogliano, David Perron - PK : Michael Frolik
Extra Defensemen
Normal : Brian Lee, Kevin Shattenkirk, Bryce Lampman - PP : Brian Lee - PK : Kevin Shattenkirk, Bryce Lampman
Penalty Shots
David Perron, Michael Frolik, Marian Hossa, Nik Antropov, Paul Kariya

% Time on Ice - Oilers

Lines # - Real PCT - Wanted PCT - Time Play
Normal Forward
1 - 36% - 40% - 16:50
2 - 26% - 32% - 12:28
3 - 22% - 20% - 10:14
4 - 16% - 8% - 7:48
Normal Defense
1 - 32% - 34% - 14:56
2 - 37% - 33% - 17:36
3 - 24% - 21% - 11:29
4 - 7% - 12% - 3:19
PP Forward
1 - 50% - 60% - 3:20
2 - 50% - 40% - 3:23
PP Defense
1 - 61% - 60% - 4:05
2 - 39% - 40% - 2:38
PK Forward
1 - 47% - 50% - 2:13
2 - 53% - 50% - 2:31
PK Defense
1 - 52% - 50% - 2:28
2 - 48% - 50% - 2:16
PK3 Forward
1 - 0% - 50%
2 - 0% - 50%
PK3 Defense
1 - 0% - 50%
2 - 0% - 50%
44 Forward
1 - 55% - 50% - 0:40
2 - 45% - 50% - 0:33
44 Defense
1 - 56% - 50% - 0:41
2 - 44% - 50% - 0:32
Last Minute Offensive  - 0:00
Last Minute Defensive  - 0:00
Total
Forward - 60:00
Defense - 60:00

% Time on Ice - Blues

Lines # - Real PCT - Wanted PCT - Time Play
Normal Forward
1 - 33% - 40% - 15:40
2 - 24% - 30% - 11:26
3 - 26% - 20% - 12:32
4 - 16% - 10% - 7:42
Normal Defense
1 - 43% - 40% - 20:12
2 - 29% - 30% - 13:43
3 - 20% - 20% - 9:36
4 - 8% - 10% - 3:49
PP Forward
1 - 61% - 60% - 2:54
2 - 39% - 40% - 1:50
PP Defense
1 - 61% - 60% - 2:52
2 - 39% - 40% - 1:52
PK Forward
1 - 78% - 60% - 5:15
2 - 22% - 40% - 1:28
PK Defense
1 - 63% - 60% - 4:14
2 - 37% - 40% - 2:29
PK3 Forward
1 - 0% - 60%
2 - 0% - 40%
PK3 Defense
1 - 0% - 60%
2 - 0% - 40%
44 Forward
1 - 100% - 60% - 1:13
2 - 0% - 40% - 0:00
44 Defense
1 - 85% - 60% - 1:02
2 - 15% - 40% - 0:11
Last Minute Offensive  - 0:00
Last Minute Defensive  - 0:00
Total
Forward - 60:00
Defense - 60:00

Play by Play

1st period


0:01 of 1st period - Jonathan Toews wins face-off versus Travis Zajac in neutral zone.
1:03 of 1st period - Wrist shot by Nik Antropov.
1:03 of 1st period - Shot Blocked by Duncan Keith.
1:50 of 1st period - Snap shot by Pavel Datsyuk.
1:50 of 1st period - Shot Blocked by Brian Lee.
2:12 of 1st period - Snap shot by Taylor Pyatt.
2:12 of 1st period - Shot Misses the Net.
2:33 of 1st period - Slapshot by Duncan Keith.
2:33 of 1st period - Deflect By Patrick Kaleta.
2:33 of 1st period - Stopped by Cory Schneider without a rebound.
2:34 of 1st period - Andrew Cogliano wins face-off versus Jonathan Toews in Blues zone.
2:59 of 1st period - Michael Frolik is hit by Wayne Simmonds and loses puck.
3:04 of 1st period - Snap shot by Peter Regin.
3:04 of 1st period - Stopped by Cory Schneider with a rebound.
3:12 of 1st period - Slapshot by Ian White.
3:12 of 1st period - Stopped by Cory Schneider with a rebound.
3:34 of 1st period - Wrist shot by Travis Zajac.
3:34 of 1st period - Shot Misses the Net.
4:51 of 1st period - Olli Jokinen is hit by Michael Frolik and loses puck.
5:37 of 1st period - Icing by Peter Regin.
5:38 of 1st period - Peter Regin wins face-off versus Kevin Porter in Oilers zone.
7:02 of 1st period - Paul Kariya is hit by Peter Regin and loses puck.
7:07 of 1st period - Backhand shot by Peter Regin.
7:07 of 1st period - Stopped by Cory Schneider with a rebound.
7:40 of 1st period - Icing by Steve Begin.
7:41 of 1st period - Pavel Datsyuk wins face-off versus Nik Antropov in Oilers zone.
8:15 of 1st period - Wrist shot by Marian Hossa.
8:15 of 1st period - Stopped by Cam Ward with a rebound.
8:17 of 1st period - Slapshot by Dan Boyle.
8:17 of 1st period - Shot Blocked by Ilya Kovalchuk.
8:19 of 1st period - Wrist shot by Paul Kariya.
8:19 of 1st period - Shot Misses the Net.
8:37 of 1st period - Snap shot by Peter Regin.
8:37 of 1st period - Shot Misses the Net.
8:39 of 1st period - Slapshot by Christian Ehrhoff.
8:39 of 1st period - Shot Misses the Net.
9:01 of 1st period - Snap shot by Kevin Porter.
9:01 of 1st period - Deflect By Mikael Samuelsson.
9:01 of 1st period - Stopped by Cam Ward without a rebound.
9:02 of 1st period - Kevin Porter wins face-off versus Jonathan Toews in Oilers zone.
9:05 of 1st period - Wrist shot by Mikael Samuelsson.
9:05 of 1st period - Stopped by Cam Ward without a rebound.
9:06 of 1st period - Jonathan Toews wins face-off versus Travis Zajac in Oilers zone.
9:44 of 1st period - Wrist shot by Michael Frolik.
9:44 of 1st period - Shot Misses the Net.
10:14 of 1st period - Christian Ehrhoff is hit by Bryce Lampman and loses puck.
10:21 of 1st period - Olli Jokinen is hit by Mikael Samuelsson.
10:22 of 1st period - Icing by Olli Jokinen.
10:23 of 1st period - Olli Jokinen wins face-off versus Travis Zajac in Oilers zone.
10:28 of 1st period - Wrist shot by Tyler Kennedy.
10:28 of 1st period - Stopped by Cory Schneider without a rebound.
10:29 of 1st period - Jonathan Toews wins face-off versus Travis Zajac in Blues zone.
10:56 of 1st period - Brian Lee is hit by Christian Ehrhoff and loses puck.
11:31 of 1st period - Wrist shot by Tyler Kennedy.
11:31 of 1st period - Shot Blocked by Bryce Lampman.
11:33 of 1st period - Snap shot by Steve Begin.
11:33 of 1st period - Shot Blocked by Bryce Lampman.
11:35 of 1st period - Snap shot by Olli Jokinen.
11:35 of 1st period - Stopped by Cory Schneider with a rebound.
13:23 of 1st period - Brian Lee is hit by Christian Ehrhoff and loses puck.
13:52 of 1st period - Snap shot by Peter Regin.
13:52 of 1st period - Stopped by Cory Schneider with a rebound.
14:37 of 1st period - Jonathan Toews is hit by Kristopher Letang and loses puck.
14:55 of 1st period - Christian Ehrhoff is hit by Dan Boyle and loses puck.
15:17 of 1st period - Scott Niedermayer is hit by Michael Frolik and loses puck.
15:24 of 1st period - Slapshot by Michael Frolik.
15:24 of 1st period - Stopped by Cam Ward without a rebound.
15:25 of 1st period - Nik Antropov wins face-off versus Jonathan Toews in Oilers zone.
16:00 of 1st period - Slapshot by Patrick Kaleta.
16:00 of 1st period - Shot Blocked by Dan Boyle.
16:02 of 1st period - Snap shot by Pavel Datsyuk.
16:02 of 1st period - Goal by Pavel Datsyuk - Oilers : 1 - Blues : 0.
16:03 of 1st period - Jonathan Toews wins face-off versus Travis Zajac in neutral zone.
16:55 of 1st period - Christian Ehrhoff is hit by Bryce Lampman and loses puck.
17:52 of 1st period - Wrist shot by Ilya Kovalchuk.
17:52 of 1st period - Stopped by Cory Schneider without a rebound.
17:53 of 1st period - Travis Zajac wins face-off versus Pavel Datsyuk in Blues zone.
17:55 of 1st period - Minor Penalty to Paul Kariya for Interference.
17:56 of 1st period - Pavel Datsyuk wins face-off versus Nik Antropov in Blues zone.
19:17 of 1st period - Olli Jokinen is hit by Bryce Lampman and loses puck.
19:39 of 1st period - Icing by Tyler Kennedy.
19:40 of 1st period - Andrew Cogliano wins face-off versus Wayne Simmonds in Oilers zone.
19:55 of 1st period - Penalty to Paul Kariya is over, Paul Kariya is back on ice.
Goals for this period are 1 for Oilers vs 0 for Blues.
Shots for this period are 9 for Oilers vs 4 for Blues.

2nd period


0:01 of 2nd period - Paul Kariya wins face-off versus Pavel Datsyuk in neutral zone.
0:36 of 2nd period - Snap shot by David Perron.
0:36 of 2nd period - Stopped by Cam Ward with a rebound.
0:57 of 2nd period - Icing by Brian Lee.
0:58 of 2nd period - Patrick Kaleta wins face-off versus Andrew Cogliano in Blues zone.
0:59 of 2nd period - Snap shot by Pavel Datsyuk.
0:59 of 2nd period - Deflect By Tomas Fleischmann.
0:59 of 2nd period - Shot Misses the Net.
0:59 of 2nd period - Puck is out of play.
1:00 of 2nd period - Travis Zajac wins face-off versus Patrick Kaleta in Blues zone.
1:00 of 2nd period - Travis Zajac is hit by Tomas Fleischmann.
1:52 of 2nd period - Marcel Hossa is hit by Ian White and loses puck.
1:57 of 2nd period - Wrist shot by Eric Nystrom.
1:57 of 2nd period - Stopped by Cory Schneider with a rebound.
1:59 of 2nd period - Wrist shot by Eric Nystrom.
1:59 of 2nd period - Shot Blocked by Andrew Cogliano.
2:01 of 2nd period - Slapshot by Duncan Keith.
2:01 of 2nd period - Shot Blocked by Dan Boyle.
2:03 of 2nd period - Slapshot by Duncan Keith.
2:03 of 2nd period - Stopped by Cory Schneider with a rebound.
2:05 of 2nd period - Slapshot by Duncan Keith.
2:05 of 2nd period - Shot Misses the Net.
2:17 of 2nd period - Dan Boyle is hit by Steve Begin and loses puck.
2:28 of 2nd period - Snap shot by Marcel Hossa.
2:28 of 2nd period - Shot Blocked by Tyler Kennedy.
2:30 of 2nd period - Slapshot by Sergei Shirokov.
2:30 of 2nd period - Shot Blocked by Duncan Keith.
2:32 of 2nd period - Slapshot by Dan Boyle.
2:32 of 2nd period - Shot Misses the Net.
2:34 of 2nd period - Wrist shot by Andrew Cogliano.
2:34 of 2nd period - Goal by Andrew Cogliano - Oilers : 1 - Blues : 1.
2:35 of 2nd period - Travis Zajac wins face-off versus Pavel Datsyuk in neutral zone.
2:38 of 2nd period - Snap shot by Travis Zajac.
2:38 of 2nd period - Stopped by Cam Ward with a rebound.
2:40 of 2nd period - Minor Penalty to Pavel Datsyuk for Tripping.
2:41 of 2nd period - Jonathan Toews wins face-off versus Nik Antropov in Oilers zone.
2:52 of 2nd period - Scott Niedermayer is hit by Paul Kariya and loses puck.
3:16 of 2nd period - Wrist shot by David Perron.
3:16 of 2nd period - Shot Misses the Net.
3:18 of 2nd period - Wrist shot by Michael Frolik.
3:18 of 2nd period - Shot Blocked by Jonathan Toews.
4:40 of 2nd period - Penalty to Pavel Datsyuk is over, Pavel Datsyuk is back on ice.
4:50 of 2nd period - Eric Nystrom is hit by Brian Lee and loses puck.
4:57 of 2nd period - Slapshot by Christian Ehrhoff.
4:57 of 2nd period - Shot Misses the Net.
5:45 of 2nd period - Wrist shot by Patrick Kane.
5:45 of 2nd period - Stopped by Cory Schneider with a rebound.
6:56 of 2nd period - Bryce Lampman is hit by Tyler Kennedy and loses puck.
7:18 of 2nd period - Christian Ehrhoff is hit by Michael Frolik and loses puck.
7:27 of 2nd period - Dan Boyle is hit by Patrick Kane and loses puck.
8:32 of 2nd period - Slapshot by Kevin Shattenkirk.
8:32 of 2nd period - Shot Blocked by Steve Staios.
8:35 of 2nd period - Icing by Wayne Simmonds.
8:36 of 2nd period - Travis Zajac wins face-off versus Peter Regin in Oilers zone.
8:39 of 2nd period - Wrist shot by Paul Kariya.
8:39 of 2nd period - Stopped by Cam Ward without a rebound.
8:40 of 2nd period - Jonathan Toews wins face-off versus Travis Zajac in Oilers zone.
8:45 of 2nd period - Backhand shot by Travis Zajac.
8:45 of 2nd period - Shot Blocked by Rob Scuderi.
8:47 of 2nd period - Snap shot by Marian Hossa.
8:47 of 2nd period - Shot Misses the Net.
8:49 of 2nd period - Wrist shot by Brian Lee.
8:49 of 2nd period - Stopped by Cam Ward without a rebound.
8:50 of 2nd period - Travis Zajac wins face-off versus Ilya Kovalchuk in Oilers zone.
8:51 of 2nd period - Snap shot by Marian Hossa.
8:51 of 2nd period - Shot Blocked by Rob Scuderi.
9:54 of 2nd period - Off-side.
9:55 of 2nd period - Kevin Porter wins face-off versus Olli Jokinen in neutral zone.
10:02 of 2nd period - Slapshot by Brian Lee.
10:02 of 2nd period - Deflect By Ian White.
10:02 of 2nd period - Stopped by Cam Ward with a rebound.
10:04 of 2nd period - Snap shot by Mikael Samuelsson.
10:04 of 2nd period - Stopped by Cam Ward with a rebound.
10:06 of 2nd period - Slapshot by Taylor Pyatt.
10:06 of 2nd period - Goal by Taylor Pyatt - Oilers : 1 - Blues : 2.
10:07 of 2nd period - Jonathan Toews wins face-off versus Travis Zajac in neutral zone.
10:59 of 2nd period - Off-side.
11:00 of 2nd period - Andrew Cogliano wins face-off versus Peter Regin in neutral zone.
11:07 of 2nd period - Slapshot by Kristopher Letang.
11:07 of 2nd period - Stopped by Cam Ward without a rebound.
11:08 of 2nd period - Travis Zajac wins face-off versus Jonathan Toews in Oilers zone.
11:35 of 2nd period - Rob Scuderi is hit by Dan Boyle and loses puck.
11:42 of 2nd period - Backhand shot by David Perron.
11:42 of 2nd period - Shot Blocked by Tomas Fleischmann.
12:02 of 2nd period - Peter Regin is hit by Sergei Shirokov and loses puck.
12:24 of 2nd period - Off-side.
12:25 of 2nd period - Jonathan Toews wins face-off versus Travis Zajac in neutral zone.
13:37 of 2nd period - Snap shot by Kevin Porter.
13:37 of 2nd period - Stopped by Cam Ward with a rebound.
13:55 of 2nd period - Snap shot by Patrick Kane.
13:55 of 2nd period - Stopped by Cory Schneider with a rebound.
13:57 of 2nd period - Snap shot by Patrick Kane.
13:57 of 2nd period - Stopped by Cory Schneider with a rebound.
13:59 of 2nd period - Wrist shot by Patrick Kane.
13:59 of 2nd period - Shot Misses the Net.
14:21 of 2nd period - Slapshot by Bryce Lampman.
14:21 of 2nd period - Deflect By Nik Antropov.
14:21 of 2nd period - Shot Misses the Net.
14:21 of 2nd period - Puck is out of play.
14:22 of 2nd period - Nik Antropov wins face-off versus Jonathan Toews in Oilers zone.
14:31 of 2nd period - Snap shot by David Perron.
14:31 of 2nd period - Shot Misses the Net.
14:44 of 2nd period - Icing by Duncan Keith.
14:45 of 2nd period - Pavel Datsyuk wins face-off versus Travis Zajac in Oilers zone.
15:00 of 2nd period - Snap shot by Patrick Kaleta.
15:00 of 2nd period - Shot Blocked by Drew Fata.
15:14 of 2nd period - Wrist shot by Sergei Shirokov.
15:14 of 2nd period - Shot Misses the Net.
15:16 of 2nd period - Slapshot by Dan Boyle.
15:16 of 2nd period - Stopped by Cam Ward with a rebound.
15:18 of 2nd period - Wrist shot by Andrew Cogliano.
15:18 of 2nd period - Stopped by Cam Ward with a rebound.
15:20 of 2nd period - Snap shot by Marcel Hossa.
15:20 of 2nd period - Stopped by Cam Ward with a rebound.
15:22 of 2nd period - Snap shot by Andrew Cogliano.
15:22 of 2nd period - Stopped by Cam Ward without a rebound.
15:23 of 2nd period - Jonathan Toews wins face-off versus Nik Antropov in Oilers zone.
15:50 of 2nd period - Paul Kariya is hit by Peter Regin and loses puck.
16:12 of 2nd period - Slapshot by Steve Begin.
16:12 of 2nd period - Shot Blocked by Marcel Hossa.
16:26 of 2nd period - Olli Jokinen is hit by Sergei Shirokov and loses puck.
16:45 of 2nd period - Snap shot by Michael Frolik.
16:45 of 2nd period - Stopped by Cam Ward without a rebound.
16:46 of 2nd period - Nik Antropov wins face-off versus Jonathan Toews in Oilers zone.
16:49 of 2nd period - Slapshot by Michael Frolik.
16:49 of 2nd period - Shot Misses the Net.
17:24 of 2nd period - Minor Penalty to Brian Lee for High sticking.
17:25 of 2nd period - Nik Antropov wins face-off versus Jonathan Toews in Blues zone.
17:57 of 2nd period - Slapshot by Christian Ehrhoff.
17:57 of 2nd period - Shot Blocked by Bryce Lampman.
19:24 of 2nd period - Penalty to Brian Lee is over, Brian Lee is back on ice.
Goals for this period are 0 for Oilers vs 2 for Blues.
Shots for this period are 5 for Oilers vs 15 for Blues.

3rd period


0:01 of 3rd period - Travis Zajac wins face-off versus Jonathan Toews in neutral zone.
0:04 of 3rd period - Slapshot by Dan Boyle.
0:04 of 3rd period - Stopped by Cam Ward without a rebound.
0:05 of 3rd period - Travis Zajac wins face-off versus Jonathan Toews in Oilers zone.
0:08 of 3rd period - Backhand shot by Marian Hossa.
0:08 of 3rd period - Stopped by Cam Ward without a rebound.
0:09 of 3rd period - Travis Zajac wins face-off versus Jonathan Toews in Oilers zone.
1:04 of 3rd period - Backhand shot by Ian White.
1:04 of 3rd period - Goal by Ian White - Oilers : 2 - Blues : 2.
1:05 of 3rd period - Pavel Datsyuk wins face-off versus Nik Antropov in neutral zone.
1:37 of 3rd period - Wrist shot by Eric Nystrom.
1:37 of 3rd period - Shot Misses the Net.
1:39 of 3rd period - Slapshot by Steve Staios.
1:39 of 3rd period - Deflect By Eric Nystrom.
1:39 of 3rd period - Deflect By Marcel Hossa.
1:39 of 3rd period - Stopped by Cory Schneider without a rebound.
1:40 of 3rd period - Travis Zajac wins face-off versus Jonathan Toews in Blues zone.
2:08 of 3rd period - Snap shot by Eric Nystrom.
2:08 of 3rd period - Stopped by Cory Schneider with a rebound.
2:16 of 3rd period - Wrist shot by Nik Antropov.
2:16 of 3rd period - Shot Misses the Net.
2:18 of 3rd period - Snap shot by Kristopher Letang.
2:18 of 3rd period - Stopped by Cam Ward with a rebound.
2:20 of 3rd period - Slapshot by Kristopher Letang.
2:20 of 3rd period - Stopped by Cam Ward without a rebound.
2:21 of 3rd period - Pavel Datsyuk wins face-off versus Andrew Cogliano in Oilers zone.
2:21 of 3rd period - Pavel Datsyuk is hit by Bryce Lampman.
2:27 of 3rd period - Slapshot by Steve Staios.
2:27 of 3rd period - Shot Blocked by Marcel Hossa.
2:29 of 3rd period - Wrist shot by Tomas Fleischmann.
2:29 of 3rd period - Shot Blocked by Dan Boyle.
2:31 of 3rd period - Wrist shot by Patrick Kaleta.
2:31 of 3rd period - Shot Blocked by Bryce Lampman.
2:33 of 3rd period - Snap shot by Pavel Datsyuk.
2:33 of 3rd period - Shot Misses the Net.
2:35 of 3rd period - Wrist shot by Tomas Fleischmann.
2:35 of 3rd period - Deflect By Pavel Datsyuk.
2:35 of 3rd period - Stopped by Cory Schneider with a rebound.
2:37 of 3rd period - Snap shot by Tomas Fleischmann.
2:37 of 3rd period - Shot Blocked by Marcel Hossa.
2:51 of 3rd period - Snap shot by Marcel Hossa.
2:51 of 3rd period - Stopped by Cam Ward with a rebound.
3:02 of 3rd period - Icing by Duncan Keith.
3:03 of 3rd period - Eric Nystrom wins face-off versus Travis Zajac in Oilers zone.
3:27 of 3rd period - Wrist shot by Eric Nystrom.
3:27 of 3rd period - Stopped by Cory Schneider with a rebound.
3:29 of 3rd period - Slapshot by Rob Scuderi.
3:29 of 3rd period - Shot Misses the Net.
3:31 of 3rd period - Snap shot by Peter Regin.
3:31 of 3rd period - Goal by Peter Regin - Oilers : 3 - Blues : 2.
3:32 of 3rd period - Jonathan Toews wins face-off versus Paul Kariya in neutral zone.
3:58 of 3rd period - Tomas Fleischmann is hit by Sergei Shirokov and loses puck.
4:23 of 3rd period - Wrist shot by Nik Antropov.
4:23 of 3rd period - Shot Misses the Net.
4:31 of 3rd period - Wrist shot by Nik Antropov.
4:31 of 3rd period - Stopped by Cam Ward with a rebound.
4:45 of 3rd period - Slapshot by Marian Hossa.
4:45 of 3rd period - Stopped by Cam Ward without a rebound.
4:46 of 3rd period - Travis Zajac wins face-off versus Jonathan Toews in Oilers zone.
5:44 of 3rd period - Slapshot by Patrick Kane.
5:44 of 3rd period - Stopped by Cory Schneider with a rebound.
6:04 of 3rd period - Slapshot by Patrick Kane.
6:04 of 3rd period - Deflect By Jonathan Toews.
6:04 of 3rd period - Shot Blocked by Brian Lee.
6:04 of 3rd period - Puck is out of play.
6:05 of 3rd period - Nik Antropov wins face-off versus Pavel Datsyuk in Blues zone.
7:21 of 3rd period - Wrist shot by David Perron.
7:21 of 3rd period - Shot Blocked by Pavel Datsyuk.
7:29 of 3rd period - Minor Penalty to Patrick Kaleta for High sticking.
7:30 of 3rd period - Nik Antropov wins face-off versus Peter Regin in Oilers zone.
7:31 of 3rd period - Snap shot by Paul Kariya.
7:31 of 3rd period - Stopped by Cam Ward with a rebound.
7:33 of 3rd period - Wrist shot by Paul Kariya.
7:33 of 3rd period - Stopped by Cam Ward without a rebound.
7:34 of 3rd period - Nik Antropov wins face-off versus Peter Regin in Oilers zone.
7:59 of 3rd period - Michael Frolik is hit by Duncan Keith and loses puck.
8:06 of 3rd period - Steve Begin is hit by David Perron and loses puck.
8:39 of 3rd period - Snap shot by Paul Kariya.
8:39 of 3rd period - Shot Hit the Post.
8:41 of 3rd period - Slapshot by Kristopher Letang.
8:41 of 3rd period - Stopped by Cam Ward with a rebound.
9:29 of 3rd period - Penalty to Patrick Kaleta is over, Patrick Kaleta is back on ice.
10:09 of 3rd period - Marcel Hossa is hit by Patrick Kaleta and loses puck.
10:27 of 3rd period - Off-side.
10:28 of 3rd period - Kevin Porter wins face-off versus Peter Regin in neutral zone.
10:31 of 3rd period - Slapshot by Drew Fata.
10:31 of 3rd period - Shot Misses the Net.
10:37 of 3rd period - Snap shot by Peter Regin.
10:37 of 3rd period - Stopped by Cory Schneider with a rebound.
10:39 of 3rd period - Slapshot by Ian White.
10:39 of 3rd period - Stopped by Cory Schneider with a rebound.
10:41 of 3rd period - Slapshot by Eric Nystrom.
10:41 of 3rd period - Shot Misses the Net.
10:43 of 3rd period - Wrist shot by Peter Regin.
10:43 of 3rd period - Stopped by Cory Schneider with a rebound.
10:53 of 3rd period - Taylor Pyatt is hit by Olli Jokinen and loses puck.
11:22 of 3rd period - Snap shot by Travis Zajac.
11:22 of 3rd period - Shot Misses the Net.
11:24 of 3rd period - Slapshot by Travis Zajac.
11:24 of 3rd period - Stopped by Cam Ward with a rebound.
11:46 of 3rd period - Snap shot by Dan Boyle.
11:46 of 3rd period - Stopped by Cam Ward without a rebound.
11:47 of 3rd period - Andrew Cogliano wins face-off versus Olli Jokinen in Oilers zone.
11:48 of 3rd period - Snap shot by Marcel Hossa.
11:48 of 3rd period - Shot Misses the Net.
11:50 of 3rd period - Slapshot by Dan Boyle.
11:50 of 3rd period - Shot Misses the Net.
12:51 of 3rd period - Wrist shot by Olli Jokinen.
12:51 of 3rd period - Shot Misses the Net.
12:53 of 3rd period - Slapshot by Ian White.
12:53 of 3rd period - Goal by Ian White - Oilers : 4 - Blues : 2.
12:54 of 3rd period - Jonathan Toews wins face-off versus Paul Kariya in neutral zone.
13:30 of 3rd period - Minor Penalty to Paul Kariya for Hooking.
13:31 of 3rd period - Jonathan Toews wins face-off versus Nik Antropov in Blues zone.
14:07 of 3rd period - Wrist shot by Patrick Kaleta.
14:07 of 3rd period - Deflect By Pavel Datsyuk.
14:07 of 3rd period - Shot Blocked by Bryce Lampman.
14:07 of 3rd period - Puck is out of play.
14:08 of 3rd period - Andrew Cogliano wins face-off versus Jonathan Toews in Blues zone.
14:16 of 3rd period - Minor Penalty to Duncan Keith for Hooking.
14:17 of 3rd period - Jonathan Toews wins face-off versus Travis Zajac in Oilers zone.
14:29 of 3rd period - Bryce Lampman is hit by Ian White.
14:30 of 3rd period - Icing by Bryce Lampman.
14:31 of 3rd period - Travis Zajac wins face-off versus Pavel Datsyuk in Blues zone.
14:40 of 3rd period - Snap shot by Travis Zajac.
14:40 of 3rd period - Shot Misses the Net.
14:42 of 3rd period - Snap shot by Andrew Cogliano.
14:42 of 3rd period - Stopped by Cam Ward with a rebound.
14:44 of 3rd period - Backhand shot by Andrew Cogliano.
14:44 of 3rd period - Shot Blocked by Christian Ehrhoff.
14:46 of 3rd period - Snap shot by Bryce Lampman.
14:46 of 3rd period - Stopped by Cam Ward without a rebound.
14:47 of 3rd period - Jonathan Toews wins face-off versus Travis Zajac in Oilers zone.
15:30 of 3rd period - Penalty to Paul Kariya is over, Paul Kariya is back on ice.
15:37 of 3rd period - Slapshot by Brian Lee.
15:37 of 3rd period - Deflect By Christian Ehrhoff.
15:37 of 3rd period - Stopped by Cam Ward without a rebound.
15:38 of 3rd period - Peter Regin wins face-off versus Nik Antropov in Oilers zone.
15:54 of 3rd period - Ian White is hit by Paul Kariya and loses puck.
16:09 of 3rd period - Snap shot by Ian White.
16:09 of 3rd period - Stopped by Cory Schneider without a rebound.
16:10 of 3rd period - Travis Zajac wins face-off versus Pavel Datsyuk in Blues zone.
16:16 of 3rd period - Penalty to Duncan Keith is over, Duncan Keith is back on ice.
16:24 of 3rd period - Snap shot by Pavel Datsyuk.
16:24 of 3rd period - Stopped by Cory Schneider with a rebound.
16:36 of 3rd period - Duncan Keith is hit by Dan Boyle and loses puck.
16:47 of 3rd period - Slapshot by Mikael Samuelsson.
16:47 of 3rd period - Shot Hit the Post.
16:49 of 3rd period - Slapshot by Kevin Shattenkirk.
16:49 of 3rd period - Shot Misses the Net.
17:09 of 3rd period - Wrist shot by Jonathan Toews.
17:09 of 3rd period - Stopped by Cory Schneider with a rebound.
17:11 of 3rd period - Minor Penalty to Marcel Hossa for Cross-checking.
17:12 of 3rd period - Nik Antropov wins face-off versus Jonathan Toews in Blues zone.
17:27 of 3rd period - Wrist shot by Sergei Shirokov.
17:27 of 3rd period - Shot Misses the Net.
17:33 of 3rd period - Nik Antropov is hit by Duncan Keith and loses puck.
18:13 of 3rd period - Off-side.
18:14 of 3rd period - Pavel Datsyuk wins face-off versus Michael Frolik in neutral zone.
18:23 of 3rd period - Snap shot by Patrick Kaleta.
18:23 of 3rd period - Shot Blocked by Michael Frolik.
19:11 of 3rd period - Penalty to Marcel Hossa is over, Marcel Hossa is back on ice.
19:22 of 3rd period - Slapshot by Peter Regin.
19:22 of 3rd period - Stopped by Cory Schneider with a rebound.
19:24 of 3rd period - Wrist shot by Eric Nystrom.
19:24 of 3rd period - Shot Blocked by Michael Frolik.
19:30 of 3rd period - Snap shot by Peter Regin.
19:30 of 3rd period - Shot Blocked by Andrew Cogliano.
Goals for this period are 3 for Oilers vs 0 for Blues.
Shots for this period are 15 for Oilers vs 15 for Blues.


Output by the SimonT Hockey Simulator (STHS) for François Prévost -- Original Page W3C XHTML 1.0 Valid
Hockey Simulator - Hockey Simulation - Hockey Manager